 Dungeon Crawl Stone Soup version 0.29-a0-559-g359e09b9d1 (webtiles) character file.

Game seed: 15462470525169150916

143 grumblor the Skirmisher (level 5, -4/43 HPs)
             Began as a Mummy Fighter on June 10, 2022.
             Slain by Crazy Yiuf
             ... wielding a +3 quarterstaff of chaos
              (6 damage)
             ... on level 3 of the Dungeon.
             The game lasted 00:03:43 (2898 turns).

grumblor the Skirmisher (Mummy Fighter)             Turns: 2898, Time: 00:03:43

Health: -4/43      AC: 11    Str: 21    XL:     5   Next: 4%
Magic:  5/5        EV:  7    Int:  8    God:
Gold:   211        SH:  4    Dex: 11    Spells: 4/4 levels left

rFire   x . .      SeeInvis .   a - +0 war axe (vorpal)
rCold   + . .      Faith    .   c - +0 buckler
rNeg    + + +      Spirit   .   e - +0 chain mail
rPois   ∞          Reflect  .   i - +0 helmet
rElec   .          Harm     .   (no cloak)
rCorr   .          Rampage  .   f - +0 pair of gloves
Will    .....                   (no boots)
Stlth   ..........              (no amulet)
HPRegen 0.14/turn               (no ring)
MPRegen 0.09/turn               (no ring)

@: no status effects
A: cold resistance 1, negative energy resistance 3, torment resistance 2, heat
vulnerability 1, in touch with death 1, no potions
a: no special abilities


You were on level 3 of the Dungeon.
You visited 1 branch of the dungeon, and saw 3 of its levels.

You collected 211 gold pieces.

Inventory:

Hand Weapons
 a - a +0 vorpal war axe (weapon)
Missiles
 d - 8 poisoned darts (quivered)
Armour
 c - a +0 buckler (worn)
 e - a +0 chain mail (worn)
 f - a +0 pair of gloves (worn)
 i - a +0 helmet (worn)
Scrolls
 b - a scroll of fog
 g - a scroll of teleportation
 h - a scroll of silence
 j - 2 scrolls of identify
 k - a scroll of poison {unknown}


   Skills:
 * Level 4.4 Fighting
 + Level 3.3 Axes
 - Level 2.4 Armour
 - Level 2.4 Shields


You had 4 spell levels left.
You didn't know any spells.
Your spell library contained the following spells:

 Spells                   Type           Power      Damage    Failure   Level
 Gell's Gravitas          Tloc           0%         N/A       100%        3
 Lesser Beckoning         Tloc           0%         N/A       100%        3
 Teleport Other           Tloc           0%         N/A       100%        3
 Passage of Golubria      Tloc           0%         N/A       100%        4
 Silence                  Hex/Air        0%         N/A       100%        5
 Lehudib's Crystal Spear  Conj/Erth      0%         10d2      100%        8


Dungeon Overview and Level Annotations

Branches:
Dungeon (3/15)

Altars:
Uskayaw
The Shining One

Shops:
D:2 *

Annotations:
D:3 Crazy Yiuf


Innate Abilities, Weirdness & Mutations

You are immune to poison.
Your flesh is cold resistant. (rC+)
You are immune to negative energy. (rN+++)
You are immune to unholy pain and torment.
You are vulnerable to heat. (rF-)
You are in touch with the powers of death.
You do not drink.


Message History

You open the door.
There is an open door here.
Key pressed, stopping explore.
No target in view!
You see here 2 brown potions.
You see here a +2 ring mail of willpower.
Crazy Yiuf shouts!
No reachable target in view!
Could not explore, unopened runed door.
Could not explore, unopened runed door.
No reachable target in view!
Could not explore, unopened runed door.
No reachable target in view!
No reachable target in view!
As you open the door, it creaks loudly!
You hit Crazy Yiuf.
Crazy Yiuf is lightly wounded.
Crazy Yiuf says, "Aardvark green sanguine!"
Crazy Yiuf hits you but does no damage.
You closely miss Crazy Yiuf.
Crazy Yiuf is lightly wounded.
You block Crazy Yiuf's attack. Crazy Yiuf hits you but does no damage.
You barely miss Crazy Yiuf.
Crazy Yiuf is lightly wounded.
Crazy Yiuf barely misses you.
You hit Crazy Yiuf.
Crazy Yiuf is moderately wounded.
Crazy Yiuf hits you but does no damage. Space warps horribly around you!
Crazy Yiuf hits you with a +3 quarterstaff of chaos!
Space warps around you.
You hit Crazy Yiuf.
Crazy Yiuf is heavily wounded.
Crazy Yiuf hits you with a +3 quarterstaff of chaos!
* * * LOW HITPOINT WARNING * * *
Crazy Yiuf burns you!
* * * LOW HITPOINT WARNING * * *
You slash Crazy Yiuf!
Crazy Yiuf is almost dead.
Crazy Yiuf hits you with a +3 quarterstaff of chaos.
You die...

#
#...#.######^.######
#
#..................##
#
#.##########.#####..#
# #.# ### ##.# # #.#
#[# #######.# #.##
.##.....# ### ####..#
.##.##### #)..###
##.....# .##.#
#...g@####......#
.##.#
#...##..#......##
.##.# ### ###.#....##
..[.###### ########
.........# #####.####
# #.# # #.# # #.#


You could see Crazy Yiuf.

Vanquished Creatures
  Jessica (D:2)
  3 adders (D:2)
  A worm (D:2)
  4 dart slugs
  2 orcs (D:3)
  10 bats
  4 endoplasms
  13 giant cockroaches
  7 goblins
  A hobgoblin (D:2)
  5 kobolds
  4 quokkas
  8 ball pythons
  2 frilled lizards
  4 rats
69 creatures vanquished.

Vanquished Creatures (others)
  A plant (D:2)
1 creature vanquished.

Grand Total: 70 creatures vanquished

Notes
Turn   | Place    | Note
-------+----------+-------------------------------------------
     0 | D:1      | grumblor the Mummy Fighter began the quest for the Orb.
     0 | D:1      | Reached XP level 1. HP: 18/18 MP: 1/1
    93 | D:1      | Reached XP level 2. HP: 24/24 MP: 2/2
   500 | D:1      | Found a faded altar of an unknown god.
  1094 | D:2      | Gained mutation: You are in touch with the powers of death.
                  | [Mummy growth]
  1094 | D:2      | Reached XP level 3. HP: 26/30 MP: 3/3
  1315 | D:2      | Reached skill level 4 in Fighting
  1351 | D:2      | Found Fumiggen's General Store.
  1468 | D:2      | Reached XP level 4. HP: 31/37 MP: 4/4
  1547 | D:2      | Noticed Jessica
  1552 | D:2      | Killed Jessica
  2305 | D:3      | Found a runed translucent door.
  2306 | D:3      | Noticed Crazy Yiuf
  2413 | D:3      | Reached XP level 5. HP: 43/43 MP: 5/5
  2716 | D:3      | Found a hide-covered altar of Uskayaw.
  2897 | D:3      | HP: 2/43 [Crazy Yiuf/+3 quarterstaff of chaos (7)]
  2898 | D:3      | Slain by Crazy Yiuf

Illustrated notes

Levels and vault maps discovered:
D:1:      amcnicky_arrival_gap_in_the_tavern_cellar, layout_basic,
          shapermc_ecumenical_altar_flowoftime
D:2:      minmay_roachtagon, layout_basic, serial_shops, nicolae_diamond_shop,
          hex_intersection, minivault_11, minmay_shallow_snake_nest,
          uniq_jessica
D:3:      layout_loops_ring, mainiacjoe_overflow_surrounded_room,
          mainiacjoe_overflow_brackets, uniq_crazy_yiuf_cottage

Skill      XL: |  1  2  3  4 |
---------------+-------------+-----
Axes           | 2 3 |  3.3
Fighting       | 4 |  4.4
Armour         | |  2.4
Shields        | |  2.4

Action                   |  1- 3 |  4- 6 || total
-------------------------+-------+-------++-------
Melee: War axe           |   125 |    55 ||   180
  Use: Scroll            |     5 |     2 ||     7
Armor: Scale mail        |    75 |    21 ||    96
       Chain mail        |       |     6 ||     6
Dodge: Dodged            |    74 |    24 ||    98
Block: Buckler           |    24 |     8 ||    32

Table legend: (Time is in decaauts)
 A = Elapsed time spent in this place.
 B = Non-inter-level travel time spent in this place.
 C = Inter-level travel time spent in this place.
 D = Time resting spent in this place.
 E = Time spent auto-exploring this place.
 F = Levels seen in this place.
 G = Mean time per level.
                   A        B        C        D        E       F      G
               +--------+--------+--------+--------+--------+-----+--------+
         Total |   2974 |   2863 |    111 |      0 |   2341 |   3 |  991.3 |
       Dungeon |   2974 |   2863 |    111 |      0 |   2341 |   3 |  991.3 |
               +--------+--------+--------+--------+--------+-----+--------+

Top non-repeatable levels by time:
     D:2: 1163 daAuts
     D:1: 1108 daAuts
     D:3: 702 daAuts
